AoeStats
← tobinho_125

Arena

509179812Analyzed
4v4 RM · 6d ago on Sep 25, 2026· 50m 20s· 8 players
Game mode
Random Map
Map size
Large (8 player)
Population
200
Speed
Normal
Resources
Standard
Victory
Conquest
Starting age
Dark Age
Ending age
Imperial Age
RankedLock teamsTeams togetherTeam positionsShared explorationLock speedFull tech treeHidden civsTurbo modeCheats
Victory
Defeat
🇵🇪 Spanish · Peru
1021
+16
🇪🇸 Persians · Spain
1017
+16
🇮🇳 Lithuanians · India
970
+18
🇨🇱 Burgundians · Chile
930
+20
🇩🇪 Spanish · Germany
1113
-20
🇩🇪 Cumans · Germany
1080
-20
🇩🇪 Hindustanis · Germany
994
-17
🇩🇪 Danes · Germany
912
-13
0204isaias
8:23 Loom
11:27 Feudal Age
12:09 Double-Bit Axe
17:09 Castle Age
15:43 Stone Mining
15:46 Horse Collar
18:21 Heavy Plow
19:03 Gold Mining
22:27 Padded Archer Armor
25:06 Leather Archer Armor
29:49 Bloodlines
34:50 Imperial Age
32:49 Husbandry
34:15 Bow Saw
35:04 Light Cavalry
36:06 Conscription
35:59 Hussar
37:43 Scale Barding Armor
37:49 Forging
39:22 Chain Barding Armor
41:59 Wheelbarrow
42:29 Two-Man Saw
46:05 Elite Conquistador
50:39 Hand Cart
Caballo Loco
11:14 Feudal Age
12:29 Wheelbarrow
14:46 Forging
14:42 Scale Barding Armor
22:04 Castle Age
20:50 Double-Bit Axe
21:32 Horse Collar
22:06 Loom
23:12 Husbandry
23:23 Bloodlines
23:15 Light Cavalry
28:20 Iron Casting
29:03 Fletching
29:38 Town Watch
31:26 Heavy Plow
32:49 Bow Saw
32:06 Elite Skirmisher
34:07 Gold Mining
38:24 Imperial Age
36:51 Hand Cart
37:17 Masonry
38:56 Chain Barding Armor
38:32 Bodkin Arrow
39:41 Ballistics
39:59 Conscription
40:18 Town Patrol
41:34 Chemistry
40:31 Murder Holes
41:08 Architecture
42:22 Blast Furnace
41:59 Plate Barding Armor
41:39 Citadels
43:40 Two-Man Saw
43:12 Crop Rotation
42:58 Elite War Elephant
45:12 Stone Mining
46:04 Gold Shaft Mining
46:20 Pikeman
47:01 Squires
46:47 Gambesons
47:04 Scale Mail Armor
46:57 Halberdier
GERMANICO7222
7:20 Double-Bit Axe
8:54 Loom
12:27 Feudal Age
10:55 Gold Mining
10:49 Horse Collar
15:03 Scale Mail Armor
24:51 Castle Age
24:12 Fletching
24:23 Padded Archer Armor
25:17 Elite Skirmisher
26:15 Bodkin Arrow
26:35 Leather Archer Armor
27:13 Chain Mail Armor
29:17 Wheelbarrow
29:48 Bow Saw
29:52 Heavy Plow
32:58 Ballistics
35:02 Stone Mining
35:48 Gold Shaft Mining
35:33 Hand Cart
35:03 Town Watch
35:40 Cavalier
36:20 Husbandry
36:28 Scale Barding Armor
36:08 Crossbowman
43:30 Imperial Age
42:00 Stone Shaft Mining
42:28 Two-Man Saw
42:01 Crop Rotation
44:28 Chain Barding Armor
44:18 Forging
45:25 Chemistry
44:25 Murder Holes
45:15 Burgundian Vineyards
44:41 Paladin
46:01 Plate Barding Armor
45:27 Bracer
45:59 Plate Mail Armor
51:13 Conscription
51:28 Hoardings
dushyanthkuthati
0:40 Loom
13:17 Feudal Age
14:51 Wheelbarrow
17:28 Castle Age
16:15 Horse Collar
16:21 Double-Bit Axe
19:01 Wheelbarrow
20:16 Heavy Plow
23:10 Scale Barding Armor
23:15 Forging
23:11 Scale Barding Armor
23:16 Forging
29:17 Chain Barding Armor
29:07 Forging
31:21 Bloodlines
31:11 Husbandry
32:18 Hand Cart
37:05 Imperial Age
36:49 Iron Casting
37:31 Elite Leitis
38:49 Plate Barding Armor
40:44 Crop Rotation
41:47 Town Watch
44:00 Conscription
47:05 Hoardings
tobinho_125
11:10 Feudal Age
13:15 Loom
15:50 Castle Age
14:35 Double-Bit Axe
19:56 Bow Saw
20:57 Wheelbarrow
20:08 Town Watch
29:36 Imperial Age
27:56 Fortified Wall
27:42 Gold Mining
27:44 Stone Mining
28:09 Padded Archer Armor
29:22 Hand Cart
29:50 Ballistics
31:49 Chemistry
32:25 Shatagni
32:45 Conscription
33:40 Heavy Camel Rider
35:36 Gold Shaft Mining
35:37 Stone Shaft Mining
36:48 Murder Holes
37:51 Imperial Camel Rider
38:49 Husbandry
39:06 Leather Archer Armor
38:56 Scale Barding Armor
43:30 Caravan
48:38 Chain Barding Armor
48:29 Forging
Randomly10
3:20 Loom
11:13 Feudal Age
15:26 Castle Age
14:15 Double-Bit Axe
14:13 Horse Collar
21:10 Gold Mining
26:18 Padded Archer Armor
26:08 Fletching
28:32 Bow Saw
32:29 Heavy Plow
32:31 Stone Mining
33:25 Caravan
33:32 Scale Mail Armor
34:00 Forging
33:56 Scale Barding Armor
34:07 Leather Archer Armor
33:47 Bodkin Arrow
37:51 Imperial Age
35:59 Bloodlines
36:11 Husbandry
37:23 Stone Shaft Mining
38:22 Wheelbarrow
37:34 Town Watch
39:11 Chain Barding Armor
39:26 Iron Casting
40:12 Light Cavalry
42:59 Hand Cart
43:11 Hussar
47:06 Plate Barding Armor
49:51 Elite Conquistador
Cramgee
11:34 Feudal Age
12:43 Double-Bit Axe
17:09 Castle Age
16:15 Horse Collar
17:04 Arson
17:37 Forging
22:08 Scale Mail Armor
23:29 Chain Mail Armor
23:35 Fletching
37:24 Wheelbarrow
40:20 Iron Casting
39:56 Squires
39:48 Gambesons
43:00 Bow Saw
43:36 Hand Cart
45:03 Murder Holes
47:37 Heavy Plow
TopicKilleR
10:29 Feudal Age
10:40 Loom
13:27 Man-at-Arms
27:39 Castle Age
27:08 Horse Collar
28:21 Bloodlines
31:02 Double-Bit Axe
31:38 Capped Ram
34:35 Heavy Plow
35:50 Scale Barding Armor
38:58 Forging
39:09 Chain Barding Armor
41:23 Iron Casting
41:07 Bow Saw
42:45 Gold Mining
42:46 Stone Mining
43:49 Wheelbarrow
43:00 Town Watch
48:20 Imperial Age
45:53 Town Patrol
46:27 Hand Cart
48:33 Elite Steppe Lancer
Connection lost

Rejoining the realm…

Still unreachable

The connection could not be restored.

Session expired

The server has moved on; the page needs a fresh start.